 Dungeon Crawl Stone Soup version 0.26-a0-712-ga5a9c9c9d0 (webtiles) character file.

Game seed: 14885195614417119067

99 kae the Changer (level 4, 0/38 HPs)
             Began as a Naga Transmuter on Nov 3, 2020.
             Killed from afar by Ijyb (13 damage)
             ... with a bolt of acid
             ... on level 3 of the Dungeon.
             The game lasted 00:02:17 (2344 turns).

kae the Changer (Naga Transmuter)                   Turns: 2344, Time: 00:02:18

Health: 0/38       AC:  1    Str: 14    XL:     4   Next: 72%
Magic:  7/7        EV: 10    Int: 13    God:
Gold:   158        SH:  0    Dex: 11    Spells: 3/7 levels left

rFire    . . .     SeeInvis +     - Unarmed
rCold    . . .     Faith    .   (no shield)
rNeg     . . .     Spirit   .   a - +1 robe
rPois    +         Reflect  .   (no helmet)
rElec    .         Harm     .   (no cloak)
rCorr    .         Rampage  .   n - +1 pair of gloves
MR       .....                  (no barding)
Stlth    +.........             (no amulet)
HPRegen  0.12/turn              (no ring)
MPRegen  0.10/turn              (no ring)

@: brilliant, corroded, stab, flying, very slow
A: large, stinger 1, see invisible, deformed body, sense surroundings 1, poison
resistance, slowness 2, spit poison 1, AC +1
a: Spit Poison


You were on level 3 of the Dungeon.
You visited 1 branch of the dungeon, and saw 3 of its levels.

You collected 158 gold pieces.

Inventory:

Armour
 a - a +1 robe (worn)
 n - a +1 pair of gloves (worn)
Scrolls
 e - a scroll of blinking {unknown}
 f - a scroll of enchant weapon {unknown}
 i - 5 scrolls of identify {unknown}
 k - a scroll of fear {unknown}
 m - a scroll of fog {unknown}
Potions
 b - 2 potions of brilliance
 g - a potion of flight


   Skills:
 - Level 1.0 Fighting
 - Level 1.5 Dodging
 + Level 3.6 Unarmed Combat
 - Level 2.0 Spellcasting
 * Level 3.7 Transmutations
 * Level 2.4 Poison Magic


You had 3 spell levels left.
You knew the following spells:

 Your Spells              Type           Power        Failure   Level
a - Beastly Appendage     Tmut           ###...       5%          1
b - Spider Form           Tmut/Pois      ##........   22%         3

Your spell library contained the following spells:

 Spells                   Type           Power        Failure   Level
 Wereblood                Tmut           ###.....     9%          2
 Magic Dart               Conj           #...         26%         1
 Searing Ray              Conj           #.....       36%         2
 Dazzling Flash           Conj/Hex       #.....       58%         3
 Ice Form                 Ice/Tmut       #.......     75%         4
 Blade Hands              Tmut           ###.......   83%         5
 Fulminant Prism          Conj/Hex       #.........   94%         4
 Iskenderun's Mystic Bla  Conj/Tloc      #.......     94%         4


Dungeon Overview and Level Annotations

Branches:
Dungeon (3/15)

Altars:
Dithmenos
Wu Jian

Annotations:
D:3 Ijyb


Innate Abilities, Weirdness & Mutations

You cannot wear boots.
Your serpentine skin is tough. (AC +1)
You have supernaturally acute eyesight. (SInv)
Armour fits poorly on your strangely shaped body.
Your system is resistant to poisons. (rPois)
You cover ground very slowly.
You can spit poison.
Your tail ends in a poisonous barb.
You passively map a small area around you.


Message History

Okay, then.
It was a potion of brilliance.
You feel clever all of a sudden.
It was a potion of flight.
You feel very buoyant.
You fly up into the air.
It was a potion of stabbing.
You feel ready to backstab.
It was a potion of curing.
You feel better. Ijyb hits you.
It was a potion of mutation.
You feel extremely strange.
You feel a strange attunement to the structure of the dungeons.
A poisonous barb forms on the end of your tail.
Ijyb hits you.
As you read the scroll labeled INIAGG DOOXUC, it crumbles to dust.
You feel blessed for a moment.
It was a scroll of remove curse.
Ijyb hits you.
As you read the scroll labeled OPTYIM GEUGG, it crumbles to dust.
It is a scroll of enchant armour.
Your +0 robe glows green for a moment.
Ijyb zaps a wand.
The bolt of acid hits you!
You die...

., * .. *#### * *
≈ ...########....
, ≈
....g.........# ≈
.o............. ≈
≈ ..>............
, ≈ , #.# #.# , ,
#.###.# * #.g@..#
≈ ###.....##### ,
#....♣♣.....# ≈
#...)≈†...#.# ≈ *
#.'...♣♣≈..P≈.## *
....#..♣♣≈≈.≈≈≈P.#
, **
....#.♣♣≈≈...≈≈≈≈♣
≈ ...
#♣♣≈≈≈...≈≈≈≈≈≈ ≈≈
## ♣≈≈≈..≈≈≈≈≈≈≈
.≈≈≈≈


You could see Ijyb.

Vanquished Creatures
  3 adders
  2 oozes (D:2)
  2 worms
  A dart slug (D:1)
  A leopard gecko (D:1)
  2 orcs (D:3)
  6 giant cockroaches
  6 goblins
  6 hobgoblins
  2 jackals (D:1)
  A ball python (D:1)
  6 bats
  A frilled lizard (D:2)
  5 kobolds
  7 rats
51 creatures vanquished.

Vanquished Creatures (others)
  24 plants (D:3)
24 creatures vanquished.

Grand Total: 75 creatures vanquished

Notes
Turn   | Place    | Note
-------+----------+-------------------------------------------
     0 | D:1      | kae the Naga Transmuter began the quest for the Orb.
     0 | D:1      | Reached XP level 1. HP: 18/18 MP: 3/3
   303 | D:1      | Reached XP level 2. HP: 17/25 MP: 3/5
   952 | D:1      | Reached XP level 3. HP: 26/31 MP: 4/6
   957 | D:1      | Learned a level 3 spell: Spider Form
  1281 | D:2      | Reached skill level 1 in Poison Magic
  1535 | D:2      | Reached XP level 4. HP: 38/38 MP: 5/7
  1778 | D:2      | Found a shadowy altar of Dithmenos.
  1778 | D:2      | Found an ornate altar of the Wu Jian Council.
  1906 | D:3      | Found a faded altar of an unknown god.
  2334 | D:3      | Noticed Ijyb
  2342 | D:3      | Gained mutation: You passively map a small area around you.
                  | [potion of mutation]
  2342 | D:3      | Gained mutation: Your tail ends in a poisonous barb.
                  | [potion of mutation]
  2344 | D:3      | Killed from afar by Ijyb

Illustrated notes

Levels and vault maps discovered:
D:1:      dpeg_arrival_tiny_f, layout_loops_ring, minmay_worlds_worst_comb
D:2:      layout_rooms, nicolae_overflow_hidden_temple,
          hangedman_abyss_or_decor_lesser_grid, minmay_nonomino_d4
D:3:      layout_basic, serial_bayou, serial_bayou_lake_a,
          serial_bayou_lagoon_a, serial_bayou_ford_a, serial_bayou_shore_a,
          serial_bayou_crossing, chequers_ecumenical_altar_simple, uniq_ijyb

Skill      XL: |  1  2  3  4 |
---------------+-------------+-----
Transmutations | 3 |  3.7
Poison Magic   | 1 2 |  2.4
Fighting       | |  1.0
Dodging        | |  1.5
Unarmed Combat | |  3.6
Spellcasting   | |  2.0

Action                   |  1- 3 |  4- 6 || total
-------------------------+-------+-------++-------
Melee: Unarmed           |    62 |    37 ||    99
       Headbutt          |    11 |     7 ||    18
       Punch             |     1 |     1 ||     2
 Cast: Beastly Appendage |    22 |    11 ||    33
       Spider Form       |       |     1 ||     1
 Abil: Spit Poison       |    20 |     8 ||    28
  Use: Potion            |       |     5 ||     5
       Scroll            |       |     2 ||     2
Armor: Robe              |    12 |     8 ||    20
Dodge: Dodged            |    43 |    19 ||    62

Table legend: (Time is in decaauts)
 A = Elapsed time spent in this place.
 B = Non-inter-level travel time spent in this place.
 C = Inter-level travel time spent in this place.
 D = Time resting spent in this place.
 E = Time spent auto-exploring this place.
 F = Levels seen in this place.
 G = Mean time per level.
                   A        B        C        D        E       F      G
               +--------+--------+--------+--------+--------+-----+--------+
         Total |   2823 |   2765 |     58 |      0 |   2403 |   3 |  941.0 |
       Dungeon |   2823 |   2765 |     58 |      0 |   2403 |   3 |  941.0 |
               +--------+--------+--------+--------+--------+-----+--------+

Top non-repeatable levels by time:
     D:1: 1406 daAuts
     D:2: 866 daAuts
     D:3: 551 daAuts
